[Event "Orbis GM 2018"]
[Site "Paracin"]
[Date "2018.07.15"]
[Round "2"]
[White "Raghunandan, Kaumandur Srihari"]
[Black "Savic, Miodrag R"]
[Result "1/2-1/2"]
[ECO "B01"]
[WhiteElo "2417"]
[BlackElo "2541"]
[Annotator "ChessBase"]
[PlyCount "81"]
[EventDate "2018.??.??"]
[EventCountry "SRB"]
[SourceTitle "playchess.com"]
[Source "ChessBase"]
[SourceQuality "1"]
[TimeControl "40/5400+30:1800+30"]

1. e4 d5 2. exd5 Qxd5 3. Nc3 Qd8 4. d4 Nf6 5. Nf3 Bf5 6. Ne5 Be6 7. Bd3 c6 8. Ne2 Nbd7 9. O-O Nd5 10. Nf4 Nxf4 11. Bxf4 g6 12. Nxd7 Qxd7 13. Be5 f6 14. Bg3 Bf7 15. c3 Bg7 16. Qc2 O-O 17. Rfe1 Rfe8 18. Rad1 Rad8 19. h4 Qd5 20. Be4 Qa5 21. a4 Bd5 22. Bd3 Bf7 23. b4 Qd5 24. b5 Qb3 25. bxc6 bxc6 26. Rb1 Qxc2 27. Bxc2 c5 28. dxc5 Rc8 29. Bd3 e5 30. Bb5 Re7 31. c6 Bd5 32. f4 Bxc6 33. fxe5 Bxb5 34. Rxb5 fxe5 35. Re3 e4 36. Rb8 Rxb8 37. Bxb8 a6 38. Bf4 Kf7 39. Kf1 Re6 40. Ke2 Bf6 41. g3 1/2-1/2

[Event "Orbis GM 2018"]
[Site "Paracin"]
[Date "2018.07.17"]
[Round "5"]
[White "Ikeda, Junta"]
[Black "Raghunandan, Kaumandur Srihari"]
[Result "0-1"]
[ECO "A04"]
[WhiteElo "2437"]
[BlackElo "2417"]
[Annotator "RC"]
[PlyCount "82"]
[EventDate "2018.??.??"]
[EventCountry "SRB"]
[SourceTitle "playchess.com"]
[Source "ChessBase"]
[SourceQuality "1"]
[TimeControl "40/5400+30:1800+30"]

1. Nf3 g6 2. d4 Bg7 3. g3 c5 4. d5 Nf6 5. Bg2 O-O 6. O-O b5 7. Nfd2 d6 8. a4 b4 9. e4 Nbd7 10. Re1 Ba6 11. Bf1 Bxf1 12. Nxf1 c4 13. Nbd2 Qc7 14. Qe2 Rfc8 15. Ra2 c3 16. bxc3 Qxc3 17. a5 Nc5 18. f3 b3 19. Nxb3 Nxb3 20. cxb3 Qxb3 21. Rb2 Qa3 22. Ra2 Qb3 23. Rb2 Qa3 24. Ra2 Qb4 25. Be3 Nd7 26. Nd2 Ne5 27. Rb1 Qc3 28. Rb7 Rab8 29. Rxb8 Rxb8 30. Bxa7 Ra8 31. Bb6 Nd3 32. Nb1 Qc1+ 33. Qf1 Ne1 34. Nd2 Bc3 35. Nc4 Nxf3+ 36. Kf2 Ne1 37. Qe2 Qb1 38. Na3 Qb3 39. Nb5 Nd3+ 40. Qxd3 Qxa2+ 41. Qe2 Bxa5 0-1

[Event "Orbis GM 2018"]
[Site "Paracin"]
[Date "2018.07.18"]
[Round "7"]
[White "Savic, Miodrag R"]
[Black "Atalik, Suat"]
[Result "1/2-1/2"]
[ECO "C42"]
[WhiteElo "2541"]
[BlackElo "2509"]
[Annotator "ChessBase"]
[PlyCount "23"]
[EventDate "2018.??.??"]
[EventCountry "SRB"]
[SourceTitle "playchess.com"]
[Source "ChessBase"]
[SourceQuality "1"]
[TimeControl "40/5400+30:1800+30"]

1. e4 e5 2. Nf3 Nf6 3. Nxe5 d6 4. Nf3 Nxe4 5. Qe2 Qe7 6. d3 Nf6 7. Nc3 Qxe2+ 8. Bxe2 g6 9. Nb5 Na6 10. c3 c6 11. Na3 d5 12. Nc2 1/2-1/2

[Event "Orbis GM 2018"]
[Site "Paracin"]
[Date "2018.07.18"]
[Round "7"]
[White "Peng, Shunkai"]
[Black "Raja, Rithvik R"]
[Result "1/2-1/2"]
[ECO "B51"]
[WhiteElo "2390"]
[BlackElo "2343"]
[Annotator "NA"]
[PlyCount "76"]
[EventDate "2018.??.??"]
[EventCountry "SRB"]
[SourceTitle "playchess.com"]
[Source "ChessBase"]
[SourceQuality "1"]
[TimeControl "40/5400+30:1800+30"]

1. e4 c5 2. Nf3 d6 3. Bb5+ Nd7 4. c3 Ngf6 5. Qe2 a6 6. Bd3 Ne5 7. Nxe5 dxe5 8. a4 e6 9. Na3 b6 10. Bc2 Be7 11. O-O Bb7 12. Nc4 Nd7 13. Qg4 O-O 14. Qg3 b5 15. axb5 axb5 16. Rxa8 Bxa8 17. Na3 Bc6 18. d3 $11 Bh4 19. Qh3 Bg5 20. Be3 h6 21. Nb1 Bxe3 22. Qxe3 Qg5 23. Qxg5 hxg5 24. Nd2 Ra8 25. h3 Kf8 26. Rd1 Ra2 27. Rb1 Ke7 28. Kf1 Nb6 29. Bb3 Ra8 30. Ke2 f5 31. Bc2 Kf6 32. f3 Ra2 33. Bb3 Ra8 34. Bc2 b4 35. Bb3 Bb5 36. Rc1 Rd8 37. cxb4 Bxd3+ 38. Ke1 c4 1/2-1/2